 Dungeon Crawl Stone Soup version 0.19.5 (webtiles) character file.

227 McKennaii the Shooter (level 5, -2/36 HPs)
             Began as a High Elf Hunter on May 2, 2017.
             Slain by a gnoll shaman
             ... wielding a +0 whip
              (4 damage)
             ... on level 3 of the Dungeon.
             The game lasted 00:05:51 (3507 turns).

McKennaii the Shooter (High Elf Hunter)             Turns: 3507, Time: 00:05:51

Health: -2/36      AC:  6    Str: 11    XL:     5   Next: 70%
Magic:  6/6        EV: 13    Int: 14    God:
Gold:   129        SH:  0    Dex: 17    Spells: 0 memorised, 4 levels left

rFire  . . .     SeeInvis .     b - +0 short sword
rCold  . . .     Gourm    .     c - +0 leather armour
rNeg   . . .     Faith    .     (no shield)
rPois  .         Spirit   .     (no helmet)
rElec  .         Reflect  .     (no cloak)
rCorr  .         Harm     .     (no gloves)
MR     .....                    m - +2 pair of boots
Stlth  +.........               q - amulet of regeneration
                                (no ring)
                                (no ring)

@: glowing
A: no striking features
a: no special abilities


You were on level 3 of the Dungeon.
You were not hungry.

You visited 1 branch of the dungeon, and saw 3 of its levels.

You collected 129 gold pieces.

Inventory:

Hand Weapons
 a - a +1 shortbow
 b - a +0 short sword (weapon)
Missiles
 d - 18 arrows
Armour
 c - a +0 leather armour (worn)
 m - a +2 pair of boots (worn)
Jewellery
 q - an amulet of regeneration (around neck)
Scrolls
 j - a scroll of enchant armour {unknown}
 l - a scroll of fog {unknown}
 n - 2 scrolls of magic mapping {unknown}
Potions
 e - a potion of might {unknown}
 i - a potion of haste {unknown}
 k - a potion of heal wounds {unknown}
 o - a potion of curing
Comestibles
 f - 3 bread rations
 g - 7 fruits
 h - a meat ration


   Skills:
 + Level 2.9 Fighting
 + Level 2.9 Short Blades
 + Level 6.6 Bows
 + Level 1.4 Armour
 + Level 3.0 Dodging
 + Level 2.4 Stealth


You had 4 spell levels left.
You didn't know any spells.

Dungeon Overview and Level Annotations

Branches:
Dungeon (3/15)

Altars:
Fedhas
Xom
Yredelemnul

Annotations:
D:3 1 runed door


Message History

The gnoll shaman closely misses you. The gnoll shaman barely misses you.
You hit the gnoll shaman but do no damage.
The gnoll shaman is lightly wounded.
The gnoll shaman closely misses you.
You barely miss the gnoll shaman.
The gnoll shaman is lightly wounded.
The gnoll shaman hits you with a whip! The gnoll shaman hits you with a whip.
You hit the gnoll shaman.
The gnoll shaman is moderately wounded.
The gnoll shaman closely misses you.
You hit the gnoll shaman.
The gnoll shaman is moderately wounded.
The gnoll shaman hits you with a whip! x2
* * * LOW HITPOINT WARNING * * *
You hit the gnoll shaman.
The gnoll shaman is heavily wounded.
The gnoll shaman hits you with a whip!
* * * LOW HITPOINT WARNING * * *
The gnoll shaman hits you with a whip.
You die...

#.≈≈≈... #.≈≈≈... #####++
#.≈≈≈... ....).. #.≈≈≈..P
.g....g #.≈≈≈... ..g..gg
###### #.≈≈≈... .g... #....#
#.≈≈≈... #gg#########..)[#
#.≈≈≈...
+ggg.O)gg@.'....#+###≈≈...
#################'#...#≈≈...
..................#.g.#≈≈...
≈≈≈≈≈≈≈≈≈≈≈≈≈≈≈≈≈≈#####≈≈...
≈≈≈≈≈≈≈≈≈≈≈≈≈≈≈≈≈≈≈≈≈≈≈≈≈...
≈≈≈≈≈≈≈≈≈≈≈≈≈≈≈≈≈≈≈≈≈≈≈≈≈...
..............P.............
.............†........P.....
############################


You could see an ogre, 3 gnoll shamans and 2 gnolls.

Vanquished Creatures
  2 orc priests (D:3)
  4 gnolls (D:3)
  2 adders
  4 oozes
  A worm (D:2)
  3 dart slugs
  3 leopard geckos
  3 orcs (D:3)
  4 giant cockroaches
  3 goblins
  10 hobgoblins
  14 jackals (D:3)
  8 kobolds
  5 bats
  2 frilled lizards
  8 rats
76 creatures vanquished.

Notes
Turn   | Place    | Note
-------+----------+-------------------------------------------
     0 | D:1      | McKennaii the High Elf Hunter began the quest for the Orb.
     0 | D:1      | Reached XP level 1. HP: 14/14 MP: 2/2
   124 | D:1      | Reached XP level 2. HP: 16/19 MP: 3/3
   618 | D:1      | Reached skill level 6 in Bows
   956 | D:1      | Reached XP level 3. HP: 19/24 MP: 4/4
  1307 | D:1      | Reached skill level 1 in Short Blades
  1515 | D:1      | HP: 1/25 [poisoned by an adder]
  2064 | D:2      | Reached XP level 4. HP: 30/30 MP: 5/5
  2267 | D:2      | Found a shimmering altar of Xom.
  2267 | D:2      | Found a basalt altar of Yredelemnul.
  2840 | D:3      | Reached skill level 1 in Armour
  2840 | D:3      | Reached XP level 5. HP: 16/35 MP: 6/6
  2895 | D:3      | Found a blossoming altar of Fedhas.
  3016 | D:3      | Found a runed door.
  3473 | D:3      | Noticed an ogre
  3505 | D:3      | HP: 1/36 [gnoll shaman/whip (7)]
  3507 | D:3      | Slain by a gnoll shaman

Skill      XL: |  1  2  3  4  5 |
---------------+----------------+-----
Bows           | 6 |  6.6
Short Blades   | 1 2 |  2.9
Stealth        | 2 |  2.4
Armour         | 1 |  1.4
Dodging        | 3 |  3.0
Fighting       | |  2.9

Action                   |  1- 3 |  4- 6 || total
-------------------------+-------+-------++-------
Melee: Short sword       |   164 |   161 ||   325
 Fire: Shortbow          |     5 |    31 ||    36
  Use: Potion            |     1 |     1 ||     2
 Stab: Sleeping          |     6 |     2 ||     8
       Distracted        |       |     1 ||     1
  Eat: Chunk             |     3 |     5 ||     8
       Fruit             |       |     1 ||     1
Armor: Leather armour    |    66 |    43 ||   109
Dodge: Dodged            |   124 |   140 ||   264
